 Dungeon Crawl Stone Soup version 0.18-a0-1070-gd466a24 (webtiles) character file.

375 ater218 the Skirmisher (level 6, 0/49 HPs)
             Began as a Demonspawn Abyssal Knight on Jan 12, 2016.
             Was a Believer of Lugonu.
             Slain by an orc
             ... wielding a +0 trident
              (9 damage)
             ... on level 5 of the Dungeon on Jan 13, 2016.
             The game lasted 00:21:18 (7519 turns).

ater218 the Skirmisher (Demonspawn Abyssal Knight)  Turns: 7519, Time: 00:21:18

Health: 0/49       AC:  3    Str: 14    XL:     6   Next: 44%
Magic:  6/7        EV: 12    Int: 14    God:    Lugonu [**....]
Gold:   167        SH:  0    Dex: 12    Spells: 0 memorised, 5 levels left

rFire  + . .     SeeInvis .     a - +2 falchion
rCold  . . .     Gourm    .     b - +0 leather armour
rNeg   . . .     Faith    .     (no shield)
rPois  .         Spirit   .     (helmet restricted)
rElec  .         Dismiss  .     (no cloak)
rCorr  .         Reflect  .     (no gloves)
SustAt .         Harm     .     (no boots)
MR     .....                    (no amulet)
Stlth  ++........               (no ring)
                                (no ring)

@: not resistant to hostile enchantments, unstealthy
A: antennae 2, fire resistance 1, nightstalker 1, flame cloud immunity
a: Depart the Abyss, Bend Space, Renounce Religion


You were on level 5 of the Dungeon.
You worshipped Lugonu.
Lugonu was pleased with you.
You were near starving.

You visited 1 branch of the dungeon, and saw 5 of its levels.
You visited the Abyss 1 time.

You collected 167 gold pieces.

Inventory:

Hand Weapons
 a - a +2 falchion (weapon)
 k - a +0 scythe
Armour
 b - a +0 leather armour (worn)
Wands
 o - a wand of magic darts (23/48)
Scrolls
 c - 2 scrolls of remove curse
 e - 3 scrolls of teleportation
 g - 5 scrolls of identify
 h - a scroll of enchant weapon
 i - 3 scrolls of fear
 j - a scroll of noise {unknown}
Potions
 d - a potion of flight {unknown}
 f - a potion of brilliance {unknown}
 l - a potion of cancellation {unknown}
 m - a potion of curing {unknown}
 q - a potion of haste {unknown}
Books
 n - a book of Maledictions

   Spells                             Type                      Level
   a - Corona                         Hexes                        1
   b - Ensorcelled Hibernation        Hexes/Ice                    2
   c - Confuse                        Hexes                        3
   d - Tukima's Dance                 Hexes                        3
   e - Dazzling Spray                 Conjuration/Hexes            3
 p - a book of Envenomations

   Spells                             Type                      Level
   a - Spider Form                    Transmutation/Poison         3
   b - Olgreb's Toxic Radiance        Poison                       4
   c - Alistair's Intoxication        Transmutation/Poison         5
   d - Poisonous Cloud                Conjuration/Poison/Air       6


   Skills:
 + Level 4.4 Fighting
 * Level 3.3 Long Blades
 + Level 3.1 Armour
 + Level 2.9 Dodging
 + Level 1.5 Stealth
 + Level 2.6 Invocations


You had 5 spell levels left.
You didn't know any spells.

Dungeon Overview and Level Annotations

Branches:
Dungeon (5/15)
 Temple: D:4-7

Altars:
Kikubaaqudgha
Nemelex Xobeh
Okawaru
Qazlal
Sif Muna
Trog
Vehumet
Xom
Zin

Annotations:
D:3 Blork the orc


Innate Abilities, Weirdness & Mutations

You have a pair of antennae on your head.
Your flesh is heat resistant.
You are slightly more attuned to the shadows.
You are immune to clouds of flame.


Message History

The hound bites you. The orc hits you with a whip. Space bends around you!
You blink.
You feel slightly more hungry.
The orc shouts!
The orc hits you but does no damage. The hound barely misses you.
You hit the orc.
The orc is almost dead.
The giant cockroach waves its antennae.
The hound bites you but does no damage. The orc hits you with a hand axe.
The giant cockroach bites you but does no damage.
The orc hits you with a whip.
You hit the orc.
You kill the orc!
Lugonu accepts your kill. The hound bites you.
* * * LOW HITPOINT WARNING * * *
The giant cockroach bites you but does no damage.
The orc hits you with a hand axe.
* * * LOW HITPOINT WARNING * * *
The orc hits you from afar with a trident!
You die...

#.## ##.# .#
#..# ..> #..##
... #...#
..########...#
##........####
##.......#)##
#....$..os@.#
#........oh.##
#........ooo..#
..............#
..............#
.?.......>.....#
...............#
..........#
.........#.


You could see a hound, 5 orcs and a giant cockroach.

Vanquished Creatures
  Sigmund (D:3)
  2 orc priests (D:3)
  An iguana (D:4)
  4 adders
  An adder skeleton (D:4)
  4 giant geckos
  9 orcs
  2 ball pythons (D:2)
  8 bats
  2 giant cockroaches (D:2)
  8 hobgoblins
  8 jackals
  3 quokkas
  5 giant newts
  10 goblins
  8 kobolds
  9 rats
85 creatures vanquished.

Notes
Turn   | Place    | Note
--------------------------------------------------------------
     0 | Abyss:1  | ater218 the Demonspawn Abyssal Knight began the quest for the Orb.
     0 | Abyss:1  | Reached XP level 1. HP: 18/18 MP: 2/2
    37 | D:1      | Escaped the Abyss
   412 | D:1      | Gained mutation: Your flesh is heat resistant. [demonic ancestry]
   412 | D:1      | Reached XP level 2. HP: 17/24 MP: 3/3
  1196 | D:2      | Reached skill level 1 in Dodging
  1503 | D:2      | Reached ** piety under Lugonu
  1584 | D:2      | Gained mutation: You have a pair of small antennae on your head. [demonic ancestry]
  1584 | D:2      | Reached XP level 3. HP: 12/30 MP: 4/4
  3788 | D:3      | Gained mutation: You are slightly more attuned to the shadows. [demonic ancestry]
  3788 | D:3      | Reached XP level 4. HP: 23/37 MP: 5/5
  3794 | D:3      | Reached skill level 4 in Fighting
  4909 | D:3      | Noticed Sigmund
  5556 | D:3      | Killed Sigmund
  5556 | D:3      | Reached skill level 1 in Stealth
  5556 | D:3      | Gained mutation: You have a pair of antennae on your head. [demonic ancestry]
  5556 | D:3      | Reached XP level 5. HP: 19/42 MP: 6/6
  5556 | D:3      | Gained mutation: You are immune to clouds of flame. [demonic ancestry]
  5556 | D:3      | Reached XP level 6. HP: 21/48 MP: 7/7
  6256 | D:3      | Found a stormy altar of Qazlal.
  6259 | D:3      | Found an iron altar of Okawaru.
  6261 | D:3      | Found a bloodstained altar of Trog.
  6271 | D:3      | Found a sparkling altar of Nemelex Xobeh.
  6684 | D:3      | Noticed Blork the orc
  6696 | D:3      | Found a deep blue altar of Sif Muna.
  7020 | D:4      | Found a shimmering altar of Xom.
  7020 | D:4      | Noticed an angel
  7039 | D:4      | Found a glowing silver altar of Zin.
  7225 | D:4      | Found a radiant altar of Vehumet.
  7313 | D:4      | Found an ancient bone altar of Kikubaaqudgha.
  7320 | D:4      | Upgraded the game from 0.18-a0-1060-g4fac74f to 0.18-a0-1070-gd466a24
  7404 | D:5      | Entered Level 5 of the Dungeon
  7519 | D:5      | Slain by an orc

Vault maps used:
D:1:      minmay_arrival_three_doors, minmay_tree_intersection
D:2:      minmay_misc_feat_alley
D:3:      minitemple, first_bread, tgw_sif, uniq_sigmund
D:4:      grunt_temple_overflow_order_and_chaos_1,
          lemuel_zombie_altar_kikubaaqudgha, lemuel_round_altar
D:5:      grunt_decor_mini_mirrors, grunt_pakellas_sulfur

Action                   |  1- 3 |  4- 6 || total
-------------------------+-------+-------++-------
Melee: Falchion          |   180 |   140 ||   320
Invok: Bend Space        |     1 |     1 ||     2
  Use: Scroll            |     5 |       ||     5
 Stab: Sleeping          |     1 |     6 ||     7
  Eat: Bread ration      |     2 |     2 ||     4
       Beef jerky        |       |     1 ||     1
